 Dungeon Crawl Stone Soup version 0.22-a0-283-g1871b15 (webtiles) character file.

19942 erloom the Fighter (level 12, -3/153 HPs)
             Began as a Demonspawn Gladiator on Mar 19, 2018.
             Was an Elder of Makhleb.
             Slain by a black mamba (6 damage)
             ... on level 1 of the Lair of Beasts.
             The game lasted 00:37:10 (12551 turns).

erloom the Fighter (Demonspawn Gladiator)          Turns: 12551, Time: 00:37:16

Health: -3/153     AC: 26    Str: 30    XL:     12   Next: 41%
Magic:  13/16      EV:  2    Int: 10    God:    Makhleb [****..]
Gold:   683        SH:  0    Dex: 15    Spells: 11/11 levels left

rFire    . . .     SeeInvis .   B - +2 morningstar (freeze)
rCold    . . .     Gourm    .   (no shield)
rNeg     + + +     Faith    .   (armour currently unavailable)
rPois    +         Spirit   .   (helmet unavailable)
rElec    .         Reflect  .   (cloak currently unavailable)
rCorr    .         Harm     .   (gloves currently unavailable)
MR       .....     NoTele   +   (boots currently unavailable)
Stlth    +.........             K - amulet of the acrobat
HPRegen  0.35/turn              p - ring of poison resistance
MPRegen  0.15/turn              r - +6 ring of strength

@: mighty, lethally poisoned (-3 -> -6), tree-form
A: powered by pain 1, rot immunity
a: Minor Destruction, Lesser Servant of Makhleb, Major Destruction, Renounce
Religion


You were on level 1 of the Lair of Beasts.
You worshipped Makhleb.
Makhleb was greatly pleased with you.
You were very hungry.
You were a tree.
You visited 3 branches of the dungeon, and saw 13 of its levels.

You collected 683 gold pieces.

Inventory:

Hand Weapons
 a - a +0 war axe
 e - a +1 scimitar of flaming
 l - a +2 whip of venom
 B - a +2 morningstar of freezing (weapon)
Missiles
 d - 3 throwing nets (quivered)
 k - 10 tomahawks
Armour
 g - a +0 pair of boots (melded)
 h - the +1 robe of the Ego {rF++ MR+ Regen+ Stlth-}
   (You found it on level 7 of the Dungeon)

   It greatly protects you from fire.
   It affects your resistance to hostile enchantments.
   It increases your rate of regeneration.
   It makes you less stealthy.
 o - a +1 chain mail
 D - a +0 plate armour (melded)
 E - a +0 cloak (melded)
 H - the +1 leather armour of Heresy {rElec rPois MR- Int-5 SInv, unknown}
   (You found it on level 7 of the Dungeon)

   It affects your intelligence (-5).
   It insulates you from electricity.
   It protects you from poison.
   It affects your resistance to hostile enchantments.
   It lets you see invisible.
Jewellery
 p - a ring of poison resistance (left branch)
 r - a +6 ring of strength (right branch)
 t - an uncursed ring of positive energy
 z - an uncursed ring of poison resistance
 K - an amulet of the acrobat (around neck)
 L - an uncursed amulet of faith {unknown}
 M - an uncursed ring of see invisible {unknown}
Wands
 c - a wand of scattershot (1)
 v - a wand of digging (13)
 w - a wand of flame (38)
 R - a wand of polymorph (18)
Scrolls
 j - 4 scrolls of magic mapping
 n - a scroll of enchant armour
 u - 4 scrolls of immolation
 C - a scroll of amnesia
 O - 2 scrolls of remove curse
 P - 3 scrolls of torment {unknown}
Potions
 b - 3 potions of flight
 m - 5 potions of brilliance
 q - 2 potions of might
 s - 2 potions of lignification
 x - a potion of mutation
 F - 2 potions of cancellation
 N - a potion of berserk rage {unknown}
Comestibles
 f - 18 rations


   Skills:
 + Level 12.2 Fighting
 - Level 3.3(7.9) Axes
 + Level 11.0(11.2) Maces & Flails
 - Level 1.7 Throwing
 + Level 7.6 Armour
 - Level 2.6 Dodging
 + Level 6.4 Invocations


You had 11 spell levels left.
You didn't know any spells.

Dungeon Overview and Level Annotations

Branches:
Dungeon (10/15)            Temple (1/1) D:4            Lair (2/6) D:8
  Swamp: Lair:2-4    Shoals: Lair:2-4     Snake: Lair:2-4    Spider: Lair:2-4
    Orc: D:9-12

Altars:
Ashenzari
Cheibriados
Dithmenos
Elyvilon
Hepliaklqana
Makhleb
Nemelex Xobeh
Okawaru
Wu Jian

Shops:
D:7 }


Innate Abilities, Weirdness & Mutations

((You have a pair of large horns on your head.))
You sometimes gain a little power by taking damage.
You are immune to rotting.
((Your movements are significantly less encumbered by armour. (ER -6)))


Message History

The water moccasin bites you.
* * * LOW HITPOINT WARNING * * *
You are poisoned.
The water moccasin poisons you! The wolf bites you but does no damage.
The black mamba bites you!
* * * LOW HITPOINT WARNING * * *
It was a potion of experience.
You feel more experienced!
Your Fighting skill increases to level 12!
Your Maces & Flails skill increases to level 11!
Your Armour skill increases to level 7!
Your Invocations skill gained 3 levels and is now at level 6!
You have reached level 12!
Your experience leads to an increase in your attributes!
Your base attributes are Str 18, Int 9, Dex 15.
Increase (S)trength, (I)ntelligence, or (D)exterity?
You feel stronger.
You feel clever.
* * * LOW HITPOINT WARNING * * *
You feel sick. The black mamba bites you.
You die...

##.# #.# #.###.....###P# ##.#
##### #.### ###.......#####
P..###P#.###.#P#####.........##
.................#............###
###...#.#.P.#.#......##....#....#
##.######..####....#..⌠.###...#
#.# #.###....###.....##.... #.#
#.# ##†S.#.......#.#... ###.# #.#
#♣S⌠.##..>..###⌠.>
##...######.####h†.###.....###...
...................####...###...#
######.###.#....#...###.⌠.###...#
##.# ####...##....#...#....##
#..# #.....#............... ##.#
##.....##...(.....#### #.#
#......##.......## #.##
#.......##...)###


You could see a black mamba, a water moccasin and a wolf.

Vanquished Creatures
  A two-headed ogre (D:8)
  Erica (D:9)
  A cyclops (D:9)
  2 black mambas (Lair:1)
  A spiny frog (Lair:1)
  2 rime drakes (Lair:1)
  A komodo dragon (Lair:1)
  Grinder (D:3)
  Prince Ribbit (D:9)
  2 hippogriffs
  A wyvern (Lair:1)
  A spriggan (D:9)
  Grum (D:9)
  2 steam dragons (D:9)
  2 porcupines
  5 orc warriors
  2 water moccasins (Lair:1)
  3 ice beasts
  A sky beast (D:4)
  7 ogres
  A necrophage (D:6)
  2 phantoms
  7 wolves
  2 centaurs
  3 crocodiles
  The ghost of Anon1729 the Firebug, an amateur DsFE (D:3)
  3 big kobolds (D:8)
  Blork the orc (D:5)
  4 bullfrogs
  3 scorpions
  A water moccasin skeleton (D:6)
  10 killer bees
  The ghost of p0werm0de the Skirmisher, a weakling DsWn of Xom (D:4)
  3 wights (D:6)
  4 howler monkeys
  2 crimson imps (D:9)
  3 hounds
  2 bullfrog skeletons
  A jelly (D:5)
  4 gnoll shamans
  5 orc priests
  Terence (D:2)
  An iguana (D:6)
  7 orc wizards
  4 worker ants
  6 hell rats (Lair:1)
  A hound zombie (D:9)
  2 hound skeletons (D:5)
  A howler monkey skeleton (D:5)
  18 gnolls
  12 river rats (Lair:1)
  6 adders
  2 adder zombies
  3 adder skeletons
  3 worms
  3 dart slugs
  2 leopard geckos
  19 orcs
  5 giant cockroaches
  3 goblins
  6 hobgoblins
  3 jackals
  10 quokkas
  A ball python (D:8)
  9 bats
  7 frilled lizards
  A jackal skeleton (D:5)
  9 kobolds
  22 rats
268 creatures vanquished.

Vanquished Creatures (others)
  10 fungi
  8 plants (D:8)
18 creatures vanquished.

Grand Total: 286 creatures vanquished

Notes
Turn   | Place    | Note
-------+----------+-------------------------------------------
     0 | D:1      | erloom the Demonspawn Gladiator began the quest for the Orb.
     0 | D:1      | Reached XP level 1. HP: 16/16 MP: 1/1
   264 | D:1      | Gained mutation: You have a pair of small horns on your head. [demonic ancestry]
   264 | D:1      | Reached XP level 2. HP: 22/23 MP: 2/2
   563 | D:1      | Gained mutation: Your movements are slightly less encumbered by armour. (ER -2) [demonic ancestry]
   563 | D:1      | Reached XP level 3. HP: 28/28 MP: 3/3
   646 | D:2      | Reached skill level 3 in Fighting
   767 | D:2      | Noticed Terence
   777 | D:2      | Killed Terence
   777 | D:2      | Reached skill level 1 in Maces & Flails
   940 | D:2      | Gained mutation: You sometimes gain a little power by taking damage. [demonic ancestry]
   940 | D:2      | Reached XP level 4. HP: 35/35 MP: 4/4
  1605 | D:3      | Noticed Anon1729's ghost (amateur DsFE)
  1848 | D:3      | Noticed Grinder
  1857 | D:3      | Paralysed by Grinder for 2 turns
  1864 | D:3      | Killed Grinder
  1864 | D:3      | Reached skill level 4 in Fighting
  1864 | D:3      | Reached XP level 5. HP: 27/43 MP: 5/5
  1864 | D:3      | Gained mutation: Your movements are less encumbered by armour. (ER -4) [demonic ancestry]
  1864 | D:3      | Reached XP level 6. HP: 31/49 MP: 6/6
  2507 | D:4      | Noticed p0werm0de's ghost (weakling DsWn)
  2515 | D:4      | Killed p0werm0de's ghost
  2515 | D:4      | Reached skill level 5 in Fighting
  2595 | D:3      | Killed Anon1729's ghost
  2729 | D:4      | Noticed a sky beast
  2745 | D:4      | Killed a sky beast
  2745 | D:4      | Gained mutation: You are immune to rotting. [demonic ancestry]
  2745 | D:4      | Reached XP level 7. HP: 56/56 MP: 7/7
  3089 | D:4      | Found a staircase to the Ecumenical Temple.
  3098 | Temple   | Entered the Ecumenical Temple
  3171 | Temple   | Became a worshipper of Makhleb the Destroyer
  3543 | D:5      | Entered Level 5 of the Dungeon
  3581 | D:5      | Reached skill level 6 in Fighting
  3854 | D:5      | Reached skill level 5 in Maces & Flails
  4023 | D:5      | Gained mutation: Your movements are significantly less encumbered by armour. (ER -6) [demonic ancestry]
  4023 | D:5      | Reached XP level 8. HP: 12/65 MP: 8/8
  4025 | D:5      | Noticed Blork the orc
  4034 | D:5      | Reached * piety under Makhleb
  4034 | D:5      | Reached skill level 7 in Fighting
  5094 | D:5      | Killed Blork the orc
  5164 | D:6      | Reached skill level 8 in Fighting
  5447 | D:6      | Found a sparkling altar of Nemelex Xobeh.
  5471 | D:6      | Gained mutation: You have a pair of horns on your head. [demonic ancestry]
  5471 | D:6      | Reached XP level 9. HP: 31/75 MP: 9/9
  6293 | D:6      | Reached skill level 9 in Fighting
  6789 | D:7      | Found Wocan's Gadget Shop.
  6808 | D:7      | Got an opalescent robe
  6864 | D:7      | Identified the +1 robe of the Ego {rF++ MR+ Regen+ Stlth-} (You found it on level 7 of the Dungeon)
  6998 | D:7      | Got a slimy leather armour
  7377 | D:8      | Reached skill level 1 in Armour
  7555 | D:8      | Reached ** piety under Makhleb
  7719 | D:8      | Reached skill level 10 in Fighting
  7877 | D:8      | Noticed a two-headed ogre
  7902 | D:8      | Killed a two-headed ogre
  7902 | D:8      | Gained mutation: You have a pair of large horns on your head. [demonic ancestry]
  7902 | D:8      | Reached XP level 10. HP: 72/85 MP: 10/10
  7932 | D:8      | Found a staircase to the Lair.
  8681 | Lair:1   | Entered Level 1 of the Lair of Beasts
  8870 | Lair:1   | Noticed a spiny frog
  8888 | Lair:1   | Killed a spiny frog
  9122 | D:9      | Noticed Grum
  9144 | D:9      | Killed Grum
  9144 | D:9      | Reached skill level 5 in Armour
  9178 | D:9      | Reached *** piety under Makhleb
  9737 | D:9      | Reached skill level 11 in Fighting
  9839 | D:9      | Noticed a cyclops
  9865 | D:9      | Killed a cyclops
 10376 | D:9      | Noticed Erica
 10389 | D:9      | Killed Erica
 10389 | D:9      | Reached skill level 10 in Maces & Flails
 10389 | D:9      | Reached XP level 11. HP: 93/93 MP: 11/11
 10474 | D:9      | Noticed Prince Ribbit
 10491 | D:9      | Killed Prince Ribbit
 10539 | D:10     | Entered Level 10 of the Dungeon
 11239 | Lair:1   | Reached skill level 1 in Invocations
 11619 | Lair:1   | Reached **** piety under Makhleb
 12212 | Lair:2   | Noticed an eight-headed hydra
 12550 | Lair:1   | HP: 3/141 [black mamba (7)]
 12551 | Lair:1   | Reached skill level 12 in Fighting
 12551 | Lair:1   | Reached XP level 12. HP: 4/102 MP: 13/16
 12551 | Lair:1   | Slain by a black mamba

Vault maps used:
D:1:      noname_arrival_rooms_in_the_neighbourhood, minivault_11
D:2:      uniq_terence
D:3:      first_ration, uniq_grinder
D:4:      lemuel_temple_firewalk_b
D:5:      uniq_blork_the_orc
D:6:      nemelex_xobeh_ov_fountains_minmay, minivault_1,
          kennysheep_generic_room_10
D:7:      nicolae_whirlpool, serial_shops, nicolae_shop_crystal
D:8:      kennysheep_seaside_town, grunt_lair_entry_orc_guard_hut,
          enter_bailey_8, feat_on_display
D:9:      cheibrodos_steamvent, grunt_pizzeria, uniq_grum, uniq_erica,
          uniq_prince_ribbit1
Temple:   roderic_octagonal_lattice_temple
Lair:1:   lemuel_ratsnest, grunt_megastairs_5
Lair:2:   swamp_mist, guppyfry_snake_entry_island, grunt_megastairs_3,
          infiniplex_staircase_pool, uniq_sonja

Skill      XL: |  1  2  3  4  5  6  7  8  9 10 11 |
---------------+----------------------------------+-----
Axes           | 3 |  3.3
Fighting       | 3 4 5 6 8 10 11 12 | 12.2
Maces & Flails | 1 3 4 5 7 9 10 11 | 11.0
Armour         | 3 5 7 |  7.6
Invocations    | 6 |  6.4
Throwing       | |  1.7
Dodging        | |  2.6

Action                   |  1- 3 |  4- 6 |  7- 9 | 10-12 || total
-------------------------+-------+-------+-------+-------++-------
Melee: War axe           |    80 |       |       |       ||    80
       Headbutt          |    10 |    20 |   104 |   112 ||   246
       Whip              |    17 |    96 |   358 |   401 ||   872
       Morningstar       |       |       |       |    38 ||    38
Evoke: Wand              |       |     3 |     6 |       ||     9
  Use: Scroll            |       |    10 |    12 |     5 ||    27
       Potion            |       |       |     3 |     7 ||    10
  Eat: Chunk             |       |     6 |    13 |    10 ||    29
       Ration            |       |       |     1 |     1 ||     2
Armor: Leather armour    |     7 |       |       |       ||     7
       Skin              |     2 |       |       |    25 ||    27
       Ring mail         |    24 |       |       |       ||    24
       Chain mail        |     1 |    37 |    52 |       ||    90
       Plate armour      |       |       |    63 |   151 ||   214
Dodge: Dodged            |    81 |    36 |   116 |   187 ||   420

Table legend:
 A = Spawn XP
 B = Non-spawn XP
 C = Spawn XP percentage of total XP
 D = Spawn monster count
 E = Non-spawn monster count
 F = Spawn count percentage of total count
 G = Total turns spent on level
                    A         B        C        D         E        F      G
               +---------+---------+-------+---------+---------+-------+---------
         Total |       0 |   15435 |   0.0 |       0 |     268 |   0.0 | 12551
               +---------+---------+-------+---------+---------+-------+---------
           D:1 |       0 |      52 |   0.0 |       0 |      29 |   0.0 |   636
           D:2 |       0 |      58 |   0.0 |       0 |      13 |   0.0 |   702
           D:3 |       0 |     421 |   0.0 |       0 |      13 |   0.0 |   883
           D:4 |       0 |     402 |   0.0 |       0 |      14 |   0.0 |  1507
           D:5 |       0 |    1133 |   0.0 |       0 |      31 |   0.0 |  1266
           D:6 |       0 |    1402 |   0.0 |       0 |      19 |   0.0 |  1448
           D:7 |       0 |     377 |   0.0 |       0 |       6 |   0.0 |   786
           D:8 |       0 |    3098 |   0.0 |       0 |      41 |   0.0 |  1748
           D:9 |       0 |    4310 |   0.0 |       0 |      44 |   0.0 |  1633
        Lair:1 |       0 |    4077 |   0.0 |       0 |      57 |   0.0 |  1820
        Lair:2 |       0 |     105 |   0.0 |       0 |       1 |   0.0 |    28
               +---------+---------+-------+---------+---------+-------+---------
